[Event "EYCC Girls-U10 2019"]
[Site "Bratislava"]
[Date "2019.08.04"]
[Round "3.2"]
[White "Smietanska, Wiktoria"]
[Black "Abbasova, Zarifa"]
[Result "1-0"]
[ECO "A18"]
[WhiteElo "1547"]
[BlackElo "1353"]
[Annotator "NA"]
[PlyCount "57"]
[EventDate "2019.08.02"]
[EventType "swiss"]
[EventCountry "SVK"]
[SourceTitle "playchess.com"]
[Source "ChessBase"]
[SourceQuality "1"]
[TimeControl "40/5400+30:1800+30"]

1. c4 Nf6 2. Nc3 e6 3. e4 d5 4. e5 d4 5. exf6 dxc3 6. bxc3 Qxf6 7. Nf3 h6 8. g3 g6 9. Bg2 Bg7 10. Ba3 Nc6 11. O-O Bf8 12. Bxf8 Kxf8 13. d4 Kg7 14. Rb1 Rb8 15. Nd2 Ne7 16. Ne4 Qf5 17. Rb5 e5 18. Rxe5 Qd7 19. Qf3 f5 20. Nc5 Qd6 21. Qe2 Ng8 22. Re1 b6 23. Rd5 Qf6 24. Nd7 Bxd7 25. Rxd7+ Kf8 26. Bd5 h5 27. Rf7+ Qxf7 28. Bxf7 Kxf7 29. Qe5 1-0

[Event "EYCC Girls-U10 2019"]
[Site "Bratislava"]
[Date "2019.08.04"]
[Round "3.3"]
[White "Kuznecova, Marija"]
[Black "Fedorova, Olesya"]
[Result "1-0"]
[ECO "A45"]
[WhiteElo "1375"]
[BlackElo "1516"]
[Annotator "NA"]
[PlyCount "65"]
[EventDate "2019.08.02"]
[EventType "swiss"]
[EventCountry "SVK"]
[SourceTitle "playchess.com"]
[Source "ChessBase"]
[SourceQuality "1"]
[TimeControl "40/5400+30:1800+30"]

1. d4 Nf6 2. Bf4 c5 3. c3 Qb6 4. Qc2 Nc6 5. e3 g6 6. Nf3 Bg7 7. Nbd2 d5 8. Ne5 Bf5 9. Bd3 Bxd3 10. Nxd3 c4 11. Ne5 Nh5 12. Ndf3 Nxf4 13. exf4 Qc7 14. Qd2 O-O 15. h4 h5 16. g4 Nxe5 17. Nxe5 Bxe5 18. fxe5 Kh7 19. gxh5 Qc6 20. Rg1 Rg8 21. Rg5 Qe6 22. O-O-O a5 23. Rdg1 Ra6 24. Qc2 Kh8 25. f4 Qc6 26. f5 Qe8 27. hxg6 fxg6 28. h5 b5 29. Qh2 b4 30. hxg6+ Kg7 31. Qh7+ Kf8 32. g7+ Kf7 33. Qh5+ 1-0

[Event "EYCC Girls-U10 2019"]
[Site "Bratislava"]
[Date "2019.08.04"]
[Round "3.4"]
[White "Petrenko, Maryna"]
[Black "Kirtadze, Anastasia"]
[Result "0-1"]
[ECO "A46"]
[WhiteElo "1335"]
[BlackElo "1532"]
[Annotator "NA"]
[PlyCount "152"]
[EventDate "2019.08.02"]
[EventType "swiss"]
[EventCountry "SVK"]
[SourceTitle "playchess.com"]
[Source "ChessBase"]
[SourceQuality "1"]
[TimeControl "40/5400+30:1800+30"]

1. d4 Nf6 2. Nf3 d6 3. Bf4 g6 4. e3 Bg7 5. Be2 O-O 6. h3 Nbd7 7. O-O c5 8. c3 Re8 9. Bh2 Qb6 10. Na3 a6 11. Rc1 d5 12. b3 Qa5 13. Nb1 Qb6 14. c4 e6 15. Nc3 Ne4 16. cxd5 Nxc3 17. Rxc3 exd5 18. dxc5 Nxc5 19. Rc1 Be6 20. Nd4 Rac8 21. Bf3 Ne4 22. Qd3 Ng5 23. Be2 Bxd4 24. exd4 Rxc1 25. Rxc1 Bf5 26. Qd1 Qe6 27. Bf1 h5 28. Bf4 Nh7 29. Be3 Qf6 30. Qf3 Qe6 31. Qd1 h4 32. Bd3 Qf6 33. Bxf5 Qxf5 34. Qc2 Qh5 35. Qd1 Qxd1+ 36. Rxd1 Rc8 37. Rc1 Rxc1+ 38. Bxc1 f5 39. Kh2 Kf7 40. g3 hxg3+ 41. Kxg3 Nf8 42. Kf4 Kf6 43. h4 Ne6+ 44. Ke3 f4+ 45. Kf3 Kf5 46. Bb2 g5 47. hxg5 Nxg5+ 48. Ke2 Ke4 49. Bc1 f3+ 50. Kd1 Ne6 51. Be3 Nxd4 52. Kd2 Nb5 53. Bc5 d4 54. Bb4 Nc7 55. Bc5 Nd5 56. a3 Nf4 57. Be7 Nd5 58. Bc5 Nf6 59. Be7 Ng4 60. Bh4 Nh2 61. Be7 Ng4 62. Bh4 Ne5 63. Be7 Nc6 64. Bg5 Ne5 65. Be7 Nd3 66. Bh4 Nc5 67. b4 Na4 68. Kc2 d3+ 69. Kc1 Nb6 70. Bg5 Nc4 71. a4 Nb6 72. a5 Nd5 73. Bd2 Kd4 74. Kb2 Kc4 75. Ka3 Nc3 76. Be3 Nd1 0-1

[Event "EYCC Girls-U10 2019"]
[Site "Bratislava"]
[Date "2019.08.04"]
[Round "3.5"]
[White "Ciarletta, Iris"]
[Black "Bagas, Ana"]
[Result "1/2-1/2"]
[ECO "C01"]
[WhiteElo "1329"]
[BlackElo "1442"]
[Annotator "NA"]
[PlyCount "117"]
[EventDate "2019.08.02"]
[EventType "swiss"]
[EventCountry "SVK"]
[SourceTitle "playchess.com"]
[Source "ChessBase"]
[SourceQuality "1"]
[TimeControl "40/5400+30:1800+30"]

1. e4 e6 2. d4 d5 3. exd5 exd5 4. Bd3 Bd6 5. Ne2 Nc6 6. c3 Nge7 7. Bf4 Bf5 8. O-O Qd7 9. Bxd6 Qxd6 10. Ng3 Bg6 11. Bxg6 hxg6 12. Nd2 O-O-O 13. Nf3 f6 14. Qd3 Rh7 15. Rfe1 Rdh8 16. h3 Qd7 17. Kf1 g5 18. Re3 g4 19. hxg4 Qxg4 20. Rae1 Qd7 21. Re6 g5 22. Ng1 Rf7 23. Nf5 Nxf5 24. Qxf5 Nd8 25. g4 Nxe6 26. Qxe6 Qxe6 27. Rxe6 Kd7 28. Re2 f5 29. Re5 Kd6 30. gxf5 Rhf8 31. Re6+ Kd7 32. Rg6 Rxf5 33. Nh3 a5 34. Rg7+ R5f7 35. Rxg5 c6 36. Ke2 Re8+ 37. Kd2 Kc7 38. c4 Rd8 39. c5 Re8 40. Rg4 Rf3 41. Rg7+ Kb8 42. Rg3 Rxg3 43. fxg3 Rg8 44. Nf2 Rxg3 45. Nd3 Kc7 46. Ne5 Kd8 47. Nf7+ Kc7 48. Ne5 b6 49. cxb6+ Kxb6 50. Nd7+ Kb5 51. Kc2 Kc4 52. Ne5+ Kb5 53. Nd3 Kc4 54. Ne5+ Kxd4 55. Nxc6+ Kc5 56. Nxa5 d4 57. Nb3+ Kd5 58. Nd2 Rg8 59. Kd3 1/2-1/2

[Event "EYCC Girls-U10 2019"]
[Site "Bratislava"]
[Date "2019.08.04"]
[Round "3.6"]
[White "Kusakina, Uliana"]
[Black "Seyhan, Pelin"]
[Result "0-1"]
[ECO "C07"]
[WhiteElo "1364"]
[BlackElo "1333"]
[Annotator "NA"]
[PlyCount "110"]
[EventDate "2019.08.02"]
[EventType "swiss"]
[EventCountry "SVK"]
[SourceTitle "playchess.com"]
[Source "ChessBase"]
[SourceQuality "1"]
[TimeControl "40/5400+30:1800+30"]

1. e4 e6 2. d4 d5 3. Nd2 c5 4. c3 Nc6 5. Ngf3 Nf6 6. e5 Nd7 7. Be2 Qb6 8. Nf1 cxd4 9. cxd4 Bb4+ 10. Bd2 Nxd4 11. Nxd4 Qxd4 12. Bxb4 Qxb4+ 13. Qd2 Qxd2+ 14. Nxd2 Nxe5 15. f4 Nc6 16. Kf2 O-O 17. g4 Bd7 18. Rag1 Rac8 19. h4 Nb4 20. a3 Rc2 21. Rd1 Nc6 22. b3 Nd4 23. Bd3 Ra2 24. Ke3 Nc2+ 25. Bxc2 Rxc2 26. h5 f6 27. Nb1 Bc6 28. Kd4 Bb5 29. Nc3 Ba6 30. Rhe1 Rc8 31. Re3 Rc6 32. a4 Rb6 33. Nb5 Bxb5 34. axb5 Rg2 35. Rc1 h6 36. Rc8+ Kh7 37. Re8 Rxg4 38. R3xe6 Rxf4+ 39. Kd3 Rxb5 40. Rc8 Rxb3+ 41. Kd2 Rf2+ 42. Ke1 Rh2 43. Kd1 Rb1+ 44. Rc1 Rh1+ 45. Kd2 Rbxc1 46. Re7 Rhd1+ 47. Ke3 Re1+ 48. Kd4 Rxe7 49. Kxd5 Re5+ 50. Kd4 Rd1+ 51. Kc3 Rc5+ 52. Kb2 Rd6 53. Kb3 Rb6+ 54. Ka4 Rc1 55. Ka3 Ra1# 0-1

[Event "EYCC Girls-U10 2019"]
[Site "Bratislava"]
[Date "2019.08.04"]
[Round "3.8"]
[White "Goriachkina, Oksana"]
[Black "Mgeladze, Kesaria"]
[Result "1-0"]
[ECO "A45"]
[WhiteElo "1417"]
[BlackElo "1294"]
[Annotator "NA"]
[PlyCount "77"]
[EventDate "2019.08.02"]
[EventType "swiss"]
[EventCountry "SVK"]
[SourceTitle "playchess.com"]
[Source "ChessBase"]
[SourceQuality "1"]
[TimeControl "40/5400+30:1800+30"]

1. d4 Nf6 2. Bg5 Ne4 3. Bf4 d5 4. Nd2 Nxd2 5. Qxd2 Bf5 6. Nf3 e6 7. e3 Nc6 8. Bd3 Bxd3 9. Qxd3 Be7 10. O-O O-O 11. Ne5 Nxe5 12. Bxe5 c6 13. c4 Bd6 14. Bxd6 Qxd6 15. c5 Qc7 16. b4 a6 17. a4 e5 18. b5 e4 19. Qe2 f5 20. bxc6 bxc6 21. Rfb1 Rfb8 22. Rxb8+ Qxb8 23. Qe1 Ra7 24. Qa5 Qc8 25. Rb1 Qd7 26. Rb6 Qc8 27. Qb4 Qc7 28. a5 Kf7 29. Qa4 Rb7 30. g3 Rxb6 31. cxb6 Qb7 32. Qb4 Ke6 33. Qf8 g6 34. Qe8+ Kd6 35. Qe5+ Kd7 36. Qg7+ Kc8 37. Qf8+ Kd7 38. Qf7+ Kc8 39. Qe8# 1-0

[Event "EYCC Girls-U10 2019"]
[Site "Bratislava"]
[Date "2019.08.04"]
[Round "3.9"]
[White "Shukhman, Anna"]
[Black "Mence, Eline"]
[Result "1-0"]
[ECO "B01"]
[WhiteElo "1806"]
[BlackElo "1162"]
[Annotator "NA"]
[PlyCount "65"]
[EventDate "2019.08.02"]
[EventType "swiss"]
[EventCountry "SVK"]
[SourceTitle "playchess.com"]
[Source "ChessBase"]
[SourceQuality "1"]
[TimeControl "40/5400+30:1800+30"]

1. e4 d5 2. exd5 Nf6 3. d4 Bg4 4. f3 Bf5 5. g4 Bg6 6. c4 c6 7. Nc3 cxd5 8. g5 Nfd7 9. Nxd5 Nb6 10. Nf4 e6 11. Nxg6 hxg6 12. a3 Nc6 13. Be3 Be7 14. Qd2 Qd7 15. O-O-O O-O-O 16. Kb1 Kb8 17. f4 f5 18. Nf3 Qc7 19. Qc2 Rd7 20. Be2 Rhd8 21. Rd2 Ka8 22. Rhd1 Kb8 23. Bf1 Ka8 24. Rc1 Qb8 25. Qd1 Bf8 26. Bg2 a5 27. d5 exd5 28. Bxb6 Re8 29. cxd5 Na7 30. Qa4 Rde7 31. Qxa5 Re2 32. Rxe2 Rxe2 33. Rc8 1-0

[Event "EYCC Girls-U10 2019"]
[Site "Bratislava"]
[Date "2019.08.04"]
[Round "3.10"]
[White "Sidorenja, Milena"]
[Black "Alexandri, Vasiliki"]
[Result "1-0"]
[ECO "B02"]
[WhiteElo "1573"]
[BlackElo "1068"]
[Annotator "NA"]
[PlyCount "123"]
[EventDate "2019.08.02"]
[EventType "swiss"]
[EventCountry "SVK"]
[SourceTitle "playchess.com"]
[Source "ChessBase"]
[SourceQuality "1"]
[TimeControl "40/5400+30:1800+30"]

1. e4 Nf6 2. e5 Nd5 3. Bc4 Nb6 4. Bb3 e6 5. Nf3 Nc6 6. d4 d6 7. O-O dxe5 8. dxe5 Qxd1 9. Rxd1 Nd7 10. Bf4 h6 11. Nc3 g5 12. Bg3 g4 13. Nb5 Kd8 14. Nfd4 Nxd4 15. Rxd4 a6 16. Bh4+ Be7 17. Bxe7+ Kxe7 18. Nxc7 Ra7 19. Rxg4 Nxe5 20. Re4 Nc6 21. Nd5+ Kd6 22. Nf4 b5 23. Rd1+ Kc7 24. Nh5 Na5 25. Nf6 Nxb3 26. cxb3 Kb8 27. Red4 Rc7 28. R4d2 h5 29. h3 Rh6 30. Ne8 Rc5 31. Nd6 Rh7 32. b4 Rc6 33. a3 Rc7 34. Ne8 Rc4 35. Rd8 Rh8 36. R1d7 Rf8 37. b3 Rc1+ 38. Kh2 Rc3 39. Nd6 Rxd8 40. Rxd8 Rc7 41. Rh8 Rc6 42. Nxf7 Kc7 43. Rxh5 Rc3 44. Rc5+ Rxc5 45. bxc5 Kc6 46. b4 Kd5 47. Nd6 e5 48. Nxc8 Kc6 49. Nd6 Kd5 50. g4 e4 51. h4 Kd4 52. g5 e3 53. fxe3+ Kxe3 54. g6 Kd3 55. g7 Kd4 56. g8=Q Kc3 57. Qd5 Kb2 58. Qd3 Ka1 59. Qd2 Kb1 60. Ne4 Ka1 61. Nc3 a5 62. Qa2# 1-0

[Event "EYCC Girls-U10 2019"]
[Site "Bratislava"]
[Date "2019.08.04"]
[Round "3.11"]
[White "Liashkevich, Lizaveta"]
[Black "Horvathova, Hana"]
[Result "1-0"]
[ECO "D35"]
[WhiteElo "1406"]
[BlackElo "1271"]
[Annotator "NA"]
[PlyCount "94"]
[EventDate "2019.08.02"]
[EventType "swiss"]
[EventCountry "SVK"]
[SourceTitle "playchess.com"]
[Source "ChessBase"]
[SourceQuality "1"]
[TimeControl "40/5400+30:1800+30"]

1. d4 d5 2. c4 e6 3. cxd5 exd5 4. Nc3 Nf6 5. Bg5 Be7 6. e3 c6 7. Bd3 Nbd7 8. Nf3 O-O 9. O-O Re8 10. Rc1 Nf8 11. h3 g6 12. a3 a5 13. Qc2 Ne6 14. Bh4 Ng7 15. Rb1 Bf5 16. b4 Bxd3 17. Qxd3 axb4 18. axb4 Nf5 19. Bxf6 Bxf6 20. b5 Nd6 21. bxc6 bxc6 22. Rb3 Rb8 23. Rxb8 Qxb8 24. Rb1 Qc7 25. Qa6 Qc8 26. Qxc8 Rxc8 27. Rb6 Bg7 28. Nxd5 cxd5 29. Rxd6 Rc1+ 30. Kh2 Rf1 31. Kg3 Rd1 32. Rxd5 h6 33. Ne5 Kf8 34. Rb5 Bxe5+ 35. Rxe5 Kg7 36. Kf3 Kf6 37. Rc5 Rd2 38. Rc4 h5 39. e4 Ke6 40. Ke3 Rd1 41. d5+ Kd6 42. Rc6+ Kd7 43. f3 Kd8 44. Kf4 Kd7 45. Ra6 Kd8 46. Ke5 Rd2 47. Kd6 Kc8 1-0

[Event "EYCC Girls-U10 2019"]
[Site "Bratislava"]
[Date "2019.08.04"]
[Round "3.12"]
[White "Iudina, Veronika"]
[Black "Alieva, Mirayi"]
[Result "1-0"]
[ECO "C47"]
[WhiteElo "1357"]
[BlackElo "1029"]
[Annotator "NA"]
[PlyCount "65"]
[EventDate "2019.08.02"]
[EventType "swiss"]
[EventCountry "SVK"]
[SourceTitle "playchess.com"]
[Source "ChessBase"]
[SourceQuality "1"]
[TimeControl "40/5400+30:1800+30"]

1. e4 e5 2. Nf3 Nc6 3. Nc3 Nf6 4. a3 a6 5. d4 exd4 6. Nxd4 Nxd4 7. Qxd4 d6 8. Be3 c5 9. Qd2 b5 10. f3 Bb7 11. Rd1 Qd7 12. Be2 Be7 13. O-O Rd8 14. Bg5 h6 15. Bxf6 Bxf6 16. Rfe1 Bh4 17. g3 Bf6 18. Bf1 Bd4+ 19. Kh1 Bc6 20. Bg2 h5 21. h3 h4 22. g4 Rh6 23. f4 f6 24. b3 a5 25. Nd5 Bb2 26. Qxa5 b4 27. axb4 cxb4 28. Qxb4 Ra8 29. Qb6 Kf8 30. Nb4 Bc3 31. Re3 Bxb4 32. Qxb4 Rd8 33. Red3 1-0

[Event "EYCC Girls-U10 2019"]
[Site "Bratislava"]
[Date "2019.08.05"]
[Round "4.1"]
[White "Seyhan, Pelin"]
[Black "Smietanska, Wiktoria"]
[Result "1/2-1/2"]
[ECO "B23"]
[WhiteElo "1333"]
[BlackElo "1547"]
[Annotator "NA"]
[PlyCount "124"]
[EventDate "2019.08.02"]
[EventType "swiss"]
[EventCountry "SVK"]
[SourceTitle "playchess.com"]
[Source "ChessBase"]
[SourceQuality "1"]
[TimeControl "40/5400+30:1800+30"]

1. e4 c5 2. Nc3 g6 3. g3 Bg7 4. Bg2 Nc6 5. d3 e6 6. Be3 d6 7. Qd2 Nge7 8. Nf3 e5 9. Bh6 O-O 10. h4 Bg4 11. h5 gxh5 12. Nh2 Qd7 13. Qg5 Ng6 14. Qe3 Nd4 15. Kd2 f6 16. Bxg7 Kxg7 17. Nd5 b5 18. c3 Nc6 19. Bf3 Rh8 20. Qe2 f5 21. exf5 Qxf5 22. Bxg4 hxg4 23. Nxg4 Raf8 24. Raf1 Qf3 25. Qxf3 Rxf3 26. Ke2 Rf7 27. Rh5 Nd8 28. Nge3 Ne6 29. Rf5 Rhf8 30. Rxf7+ Rxf7 31. Rh1 Kf8 32. Rh5 Ke8 33. Nf5 Kd7 34. Rxh7 Rxh7 35. Nf6+ Kd8 36. Nxh7 Kd7 37. Nf6+ Kc6 38. Ng8 Kd7 39. Ngh6 d5 40. Ng4 c4 41. dxc4 bxc4 42. Nfe3 Kc6 43. Nc2 d4 44. cxd4 exd4 45. Kd2 Kc5 46. f4 Ne7 47. Ne5 Kd5 48. Nf7 a5 49. Ne1 a4 50. Nf3 a3 51. bxa3 c3+ 52. Kd3 Nc5+ 53. Kc2 Nf5 54. N7e5 Nxg3 55. Nd3 Na4 56. Kb3 Ke4 57. Nde5 Nc5+ 58. Kc2 Nf5 59. Nxd4 Kxd4 60. Nc6+ Kc4 61. Ne5+ Kd4 62. Nc6+ Kc4 1/2-1/2

[Event "EYCC Girls-U10 2019"]
[Site "Bratislava"]
[Date "2019.08.05"]
[Round "4.2"]
[White "Kirtadze, Anastasia"]
[Black "Goriachkina, Oksana"]
[Result "1/2-1/2"]
[ECO "D45"]
[WhiteElo "1532"]
[BlackElo "1417"]
[Annotator "NA"]
[PlyCount "86"]
[EventDate "2019.08.02"]
[EventType "swiss"]
[EventCountry "SVK"]
[SourceTitle "playchess.com"]
[Source "ChessBase"]
[SourceQuality "1"]
[TimeControl "40/5400+30:1800+30"]

1. d4 d5 2. c4 c6 3. Nf3 Nf6 4. e3 e6 5. Nc3 Be7 6. Bd3 dxc4 7. Bxc4 O-O 8. O-O Nbd7 9. e4 b5 10. Bd3 Nb6 11. e5 Nfd5 12. Nxd5 Nxd5 13. a3 Bb7 14. Bd2 a5 15. Qe2 Qb6 16. Qe4 g6 17. Bh6 Rfd8 18. Bg5 Rd7 19. h4 Bxg5 20. hxg5 Ne7 21. Qe2 b4 22. Rac1 Rc8 23. Be4 Ba6 24. Bd3 Bxd3 25. Qxd3 Rcd8 26. Qc4 Rd5 27. axb4 axb4 28. Rfe1 Rc8 29. Rcd1 c5 30. dxc5 Rcxc5 31. Qb3 Nc6 32. Rxd5 Rxd5 33. Qc4 Qc5 34. Qf4 Qa5 35. Qe3 Qd8 36. Qe4 Qb6 37. Rc1 Qb5 38. Qf4 Rc5 39. Rd1 Rd5 40. Rc1 Rc5 41. Ra1 Qb8 42. Re1 Rd5 43. Qe4 Qb5 1/2-1/2

[Event "EYCC Girls-U10 2019"]
[Site "Bratislava"]
[Date "2019.08.05"]
[Round "4.3"]
[White "Artissi, Sabina"]
[Black "Hnatyshyn, Anastasiia"]
[Result "0-1"]
[ECO "D37"]
[WhiteElo "1419"]
[BlackElo "1380"]
[Annotator "NA"]
[PlyCount "58"]
[EventDate "2019.08.02"]
[EventType "swiss"]
[EventCountry "SVK"]
[SourceTitle "playchess.com"]
[Source "ChessBase"]
[SourceQuality "1"]
[TimeControl "40/5400+30:1800+30"]

1. Nf3 d5 2. d4 Nf6 3. c4 e6 4. Nc3 Be7 5. Bf4 O-O 6. e3 Nbd7 7. Bd3 dxc4 8. Bxc4 b6 9. O-O Bb7 10. Rc1 c5 11. Qc2 Rc8 12. Bd3 h6 13. Rfd1 cxd4 14. exd4 Bxf3 15. gxf3 Nd5 16. Bd2 Bd6 17. Ba6 Rc7 18. Qe4 N7f6 19. Qe1 Nf4 20. Kh1 N6h5 21. Qg1 Qh4 22. Be3 f5 23. d5 Qh3 24. Qf1 Qxf3+ 25. Kg1 Rf6 26. Bxf4 Nxf4 27. Ne4 fxe4 28. Rxc7 Rg6+ 29. Qg2 Qxg2# 0-1

[Event "EYCC Girls-U10 2019"]
[Site "Bratislava"]
[Date "2019.08.05"]
[Round "4.4"]
[White "Sidorenja, Milena"]
[Black "Kuznecova, Marija"]
[Result "1-0"]
[ECO "B07"]
[WhiteElo "1573"]
[BlackElo "1375"]
[Annotator "NA"]
[PlyCount "45"]
[EventDate "2019.08.02"]
[EventType "swiss"]
[EventCountry "SVK"]
[SourceTitle "playchess.com"]
[Source "ChessBase"]
[SourceQuality "1"]
[TimeControl "40/5400+30:1800+30"]

1. e4 d6 2. d4 Nf6 3. Nc3 Nbd7 4. f4 e5 5. Nf3 exd4 6. Qxd4 c6 7. Be2 Be7 8. O-O d5 9. Kh1 Bc5 10. Qd3 Nb6 11. e5 Ng4 12. Nd4 h5 13. Be3 Nc4 14. Bg1 Nxb2 15. Qd2 Qa5 16. Nb3 Be3 17. Bxe3 Qc7 18. f5 Qxe5 19. Bf4 Qf6 20. Bxg4 hxg4 21. Rae1+ Kf8 22. Bg5 Nc4 23. Qe2 1-0

[Event "EYCC Girls-U10 2019"]
[Site "Bratislava"]
[Date "2019.08.05"]
[Round "4.5"]
[White "Ciarletta, Iris"]
[Black "Shukhman, Anna"]
[Result "1-0"]
[ECO "B23"]
[WhiteElo "1329"]
[BlackElo "1806"]
[Annotator "NA"]
[PlyCount "88"]
[EventDate "2019.08.02"]
[EventType "swiss"]
[EventCountry "SVK"]
[SourceTitle "playchess.com"]
[Source "ChessBase"]
[SourceQuality "1"]
[TimeControl "40/5400+30:1800+30"]

1. e4 c5 2. Nc3 e6 3. f4 d5 4. d3 g6 5. Nf3 Bg7 6. Be2 Ne7 7. O-O O-O 8. Qe1 Nbc6 9. Qh4 b6 10. f5 exf5 11. Bh6 fxe4 12. dxe4 dxe4 13. Ng5 Nf5 14. Rxf5 Bxf5 15. Bxg7 Kxg7 16. Qxh7+ Kf6 17. Ngxe4+ Ke7 18. Rd1 Nd4 19. Bd3 Be6 20. Rf1 Nf5 21. Qh3 Qd4+ 22. Rf2 Qe5 23. Qf3 Rh8 24. Ng3 Nd6 25. Bb5 Rad8 26. Bd3 Rh4 27. Re2 Qd4+ 28. Rf2 Rdh8 29. Nf1 c4 30. Be2 b5 31. Qc6 b4 32. Nd1 Ne4 33. c3 bxc3 34. bxc3 Qe5 35. g3 Nxf2 36. gxh4 Nh3+ 37. Kg2 Bd5+ 38. Qxd5 Nf4+ 39. Kg1 Qxd5 40. Kf2 Qg2+ 41. Ke3 Qxe2+ 42. Kxf4 Rxh4+ 43. Kg3 Rg4+ 44. Kh3 Qg2# 1-0

[Event "EYCC Girls-U10 2019"]
[Site "Bratislava"]
[Date "2019.08.05"]
[Round "4.6"]
[White "Bagas, Ana"]
[Black "Iudina, Veronika"]
[Result "0-1"]
[ECO "C22"]
[WhiteElo "1442"]
[BlackElo "1357"]
[Annotator "NA"]
[PlyCount "84"]
[EventDate "2019.08.02"]
[EventType "swiss"]
[EventCountry "SVK"]
[SourceTitle "playchess.com"]
[Source "ChessBase"]
[SourceQuality "1"]
[TimeControl "40/5400+30:1800+30"]

1. e4 e5 2. d4 exd4 3. Qxd4 Nc6 4. Qe3 d6 5. Nc3 Nf6 6. Bd2 Be7 7. O-O-O O-O 8. h3 a6 9. g4 b5 10. f4 Nb8 11. g5 Ne8 12. Nf3 c5 13. f5 Bb7 14. Rg1 Kh8 15. g6 fxg6 16. fxg6 h6 17. Rg4 Nf6 18. Rh4 Ng8 19. Rf4 Rxf4 20. Qxf4 b4 21. Nd5 Bxd5 22. exd5 Nf6 23. Re1 Nbd7 24. Bc4 Nb6 25. Bb3 a5 26. a3 Rc8 27. Ba2 Qd7 28. Nh4 Bf8 29. Qf3 Qa4 30. Bb3 Qb5 31. c4 bxc3 32. Qxc3 a4 33. Ba2 Nbxd5 34. Qf3 c4 35. Qf5 Rb8 36. Qc2 c3 37. Bxc3 Nxc3 38. bxc3 Qg5+ 39. Kd1 Qxh4 40. Rh1 d5 41. Qh2 Rc8 42. Qc2 Qe4 {[%emt 0:00:25] Ke1} 0-1

[Event "EYCC Girls-U10 2019"]
[Site "Bratislava"]
[Date "2019.08.05"]
[Round "4.7"]
[White "Zavivaeva, Evelina"]
[Black "Liashkevich, Lizaveta"]
[Result "1/2-1/2"]
[ECO "B50"]
[WhiteElo "1302"]
[BlackElo "1406"]
[Annotator "NA"]
[PlyCount "156"]
[EventDate "2019.08.02"]
[EventType "swiss"]
[EventCountry "SVK"]
[SourceTitle "playchess.com"]
[Source "ChessBase"]
[SourceQuality "1"]
[TimeControl "40/5400+30:1800+30"]

1. e4 c5 2. Nf3 d6 3. c3 Nf6 4. h3 e6 5. Bd3 Be7 6. Bc2 b5 7. a4 b4 8. O-O O-O 9. d4 Bb7 10. Re1 a5 11. Nbd2 Nc6 12. Nf1 Re8 13. Ng3 Ba6 14. Bf4 Qb6 15. e5 dxe5 16. Nxe5 cxd4 17. Nxc6 Qxc6 18. cxd4 Rad8 19. Rc1 Qd7 20. Be5 Bb7 21. Bd3 Qd5 22. Ne4 Rc8 23. Bxf6 Rxc1 24. Qxc1 Bxf6 25. Nxf6+ gxf6 26. Be4 Qd7 27. Bxb7 Qxb7 28. Qc5 Ra8 29. b3 Qc8 30. Rc1 Qd8 31. Rc4 Kh8 32. Qc7 Kg7 33. Qxd8 Rxd8 34. f4 Kg6 35. g4 h5 36. Kf2 hxg4 37. hxg4 f5 38. g5 f6 39. gxf6 Kxf6 40. Ke3 Rh8 41. Rc5 Rh3+ 42. Kd2 Rxb3 43. Rxa5 Ra3 44. Kc2 Kg7 45. Ra7+ Kf6 46. a5 Kg6 47. a6 Kf6 48. Ra8 Kg7 49. a7 Kh7 50. Re8 Rxa7 51. Rxe6 Kg7 52. Kb3 Rb7 53. Re3 Kf6 54. Kc4 Rd7 55. d5 Rd6 56. Rb3 Rd8 57. Rxb4 Ke7 58. Rb7+ Kf6 59. Rb6+ Kf7 60. Re6 Ra8 61. Rb6 Re8 62. Kc5 Re4 63. Rb4 Re8 64. Rb7+ Kf6 65. d6 Ke6 66. Kc6 Rc8+ 67. Rc7 Re8 68. d7 Rd8 69. Ra7 Ke7 70. Ra5 Rxd7 71. Re5+ Kd8 72. Rxf5 Rh7 73. Rf6 Ke7 74. Rd6 Rf7 75. Rd4 Ke6 76. Kc5 Kf5 77. Kd6 Rg7 78. Rc4 Rg4 1/2-1/2

[Event "EYCC Girls-U10 2019"]
[Site "Bratislava"]
[Date "2019.08.05"]
[Round "4.8"]
[White "Stoll, Lucia"]
[Black "Trunz, Tamila"]
[Result "1-0"]
[ECO "C44"]
[WhiteElo "1403"]
[BlackElo "1274"]
[Annotator "NA"]
[PlyCount "43"]
[EventDate "2019.08.02"]
[EventType "swiss"]
[EventCountry "SVK"]
[SourceTitle "playchess.com"]
[Source "ChessBase"]
[SourceQuality "1"]
[TimeControl "40/5400+30:1800+30"]

1. e4 e5 2. Nf3 Nc6 3. d4 exd4 4. Nxd4 Nf6 5. Nxc6 bxc6 6. Bd3 g6 7. Bg5 Bg7 8. e5 Qe7 9. O-O Qc5 10. Bxf6 Bxf6 11. exf6 d6 12. Re1+ Kf8 13. Qd2 h5 14. Re7 Be6 15. Bxg6 h4 16. Nc3 h3 17. g3 Rb8 18. Qe2 d5 19. Rxe6 fxe6 20. Qxe6 Rh7 21. Bxh7 Re8 22. Qg8# 1-0

[Event "EYCC Girls-U10 2019"]
[Site "Bratislava"]
[Date "2019.08.05"]
[Round "4.9"]
[White "Fedorova, Olesya"]
[Black "Szarvas, Nora"]
[Result "1-0"]
[ECO "B09"]
[WhiteElo "1516"]
[BlackElo "1240"]
[Annotator "NA"]
[PlyCount "87"]
[EventDate "2019.08.02"]
[EventType "swiss"]
[EventCountry "SVK"]
[SourceTitle "playchess.com"]
[Source "ChessBase"]
[SourceQuality "1"]
[TimeControl "40/5400+30:1800+30"]

1. e4 d6 2. d4 Nf6 3. Nc3 g6 4. f4 Bg7 5. Nf3 O-O 6. Bd3 c5 7. dxc5 dxc5 8. O-O Bg4 9. Be3 Qc7 10. e5 Nfd7 11. Nd5 Qd8 12. Be4 e6 13. Nf6+ Bxf6 14. Bxb7 Nb6 15. Bxa8 Nxa8 16. exf6 Qxf6 17. Bxc5 Rd8 18. Qc1 Bxf3 19. Rxf3 Nc6 20. c3 Rd5 21. Qe3 a6 22. Rff1 Qf5 23. Bd4 Nxd4 24. cxd4 Nc7 25. a4 Ne8 26. Rac1 Nd6 27. Rc5 Nb7 28. Rxd5 Qxd5 29. Rc1 Nd6 30. Qe5 Qxe5 31. dxe5 Ne4 32. Rc6 a5 33. Ra6 Nc5 34. Rxa5 Nd3 35. Rb5 Nxf4 36. a5 Nd5 37. a6 Nc7 38. Rb8+ Kg7 39. a7 h6 40. Rc8 Nb5 41. a8=Q Nd4 42. Rg8+ Kh7 43. Rh8+ Kg7 44. Qg8# 1-0

[Event "EYCC Girls-U10 2019"]
[Site "Bratislava"]
[Date "2019.08.05"]
[Round "4.10"]
[White "Sosovickova, Martina"]
[Black "Toth, Lili"]
[Result "1-0"]
[ECO "C44"]
[WhiteElo "1200"]
[BlackElo "2199"]
[Annotator "NA"]
[PlyCount "119"]
[EventDate "2019.08.02"]
[EventType "swiss"]
[EventCountry "SVK"]
[SourceTitle "playchess.com"]
[Source "ChessBase"]
[SourceQuality "1"]
[TimeControl "40/5400+30:1800+30"]

1. e4 e5 2. Nf3 Nc6 3. c3 Nf6 4. d4 exd4 5. e5 Qe7 6. cxd4 Nd5 7. Be2 Qb4+ 8. Qd2 Qxd2+ 9. Bxd2 d6 10. Nc3 Nxc3 11. Bxc3 dxe5 12. dxe5 Be6 13. Bb5 Bd5 14. O-O a6 15. Be2 Bc5 16. a3 Ke7 17. Rad1 Rad8 18. Rfe1 Bb3 19. Rd2 Rxd2 20. Nxd2 Bd5 21. Bf3 Bxf3 22. Nxf3 Rd8 23. h3 Nd4 24. Nxd4 Bxd4 25. Bxd4 Rxd4 26. Re2 Ke6 27. Rc2 c6 28. Re2 Kf5 29. g4+ Ke6 30. Kg2 c5 31. Kh2 b5 32. Rc2 c4 33. Re2 a5 34. Kg3 b4 35. axb4 axb4 36. Rc2 Kxe5 37. Kf3 Rd3+ 38. Ke2 Kd4 39. h4 b3 40. Rd2 Ke4 41. g5 Rxd2+ 42. Kxd2 Kd4 43. h5 c3+ 44. bxc3+ Kc4 45. f4 b2 46. Kc2 b1=Q+ 47. Kxb1 Kxc3 48. f5 Kd4 49. g6 hxg6 50. f6 gxf6 51. h6 Ke5 52. h7 Ke6 53. h8=Q f5 54. Kc2 g5 55. Kd3 f6 56. Ke3 Kf7 57. Qh7+ Ke6 58. Kf3 f4 59. Kg4 Kd6 60. Qe4 {[%emt 0:02:07] Kd5} 1-0